 Dungeon Crawl Stone Soup version 0.31-a0-1616-gbeaec30b81 (webtiles) character file.

Game seed: 11752275513442653869

45446 Newt the Covert (level 14, -7/109 HPs)
             Began as a Demonspawn Gladiator on Jan 10, 2024.
             Was the Champion of Okawaru.
             Mangled by a komodo dragon (10 damage)
             ... while petrified by a basilisk
             ... on level 2 of the Lair of Beasts.
             The game lasted 00:37:31 (22964 turns).

Newt the Covert (Demonspawn Gladiator)             Turns: 22964, Time: 00:37:31

Health: -7/109     AC: 13    Str: 16    XL:     14   Next: 1%
Magic:  21/21      EV:  2    Int:  9    God:    Okawaru [******]
Gold:   1053       SH:  0    Dex: 25    Spells: 10/13 levels left

rFire   x . .        S - +9 dagger of Puhe {heavy, rElec rPois rN+ Stlth+}
rCold   + . .        (no shield)
rNeg    + + +        Q - +1 troll leather armour
rPois   ∞            c - +0 helmet
rElec   +            T - scarf "Hutrauczan" {repulsion, rF- Dex+7}
rCorr   .            (gloves unavailable)
SInv    +            v - +3 pair of boots of Rucis {rN+}
Will    +....        n - amulet of faith
Stlth   ++++++       K - ring of see invisible
HPRegen 1.18/turn    I - +5 ring of evasion
MPRegen 0.17/turn

%: repel missiles, faith
@: petrified, studying Dodging
A: claws 3, slimy green scales 3, foul stench 1, condensation shield, cold
resistance 1, mutation resistance 1
a: Renounce Religion, Heroism, Finesse, Duel


You were on level 2 of the Lair of Beasts.
You worshipped Okawaru.
Okawaru was exalted by your worship.
You visited 3 branches of the dungeon, and saw 18 of its levels.
You visited 1 bazaar.
You also visited: Bailey, Gauntlet and Ice Cave.

You collected 2053 gold pieces.
You spent 1000 gold pieces at shops.

Inventory:

Hand Weapons
 a - a +0 rapier
 i - a +1 dagger of venom
 s - a +2 whip of electrocution
 t - the +8 dagger of Clean Courage {freeze, rPois rF- rN++ Stlth+}
   (You found it on level 4 of the Dungeon)

   rF-:       It makes you vulnerable to fire.
   rPois:     It protects you from poison rN++: It greatly protects you from
   negative energy.
   Stlth+:    It makes you more stealthy.
 S - the +9 dagger of Puhe (weapon) {heavy, rElec rPois rN+ Stlth+}
   (Okawaru gifted it to you on level 13 of the Dungeon)

   rElec:     It insulates you from electricity.
   rPois:     It protects you from poison rN+: It protects you from negative
   energy.
   Stlth+:    It makes you more stealthy.
Missiles
 d - 7 throwing nets
 l - 48 poisoned darts (quivered)
 G - 17 boomerangs
 L - 5 javelins
 O - 6 darts of dispersal
 Y - 6 silver javelins
Armour
 c - a +0 helmet (worn)
 o - a +0 cloak of preservation
 v - the +3 pair of boots of Rucis (worn) {rN+}
   (You found it in a Gauntlet)

   rN+:       It protects you from negative energy.
 y - a +1 leather armour of fire resistance
 H - a +3 leather armour of cold resistance
 Q - a +1 troll leather armour (worn)
 T - the scarf "Hutrauczan" (worn) {repulsion, rF- Dex+7}
   (Okawaru gifted it to you on level 13 of the Dungeon)

   Dex+7:     It affects your dexterity (+7).
   rF-:       It makes you vulnerable to fire.
 V - +1 fire dragon scales
Jewellery
 e - a ring of fire
 n - an amulet of faith (around neck)
 I - a +5 ring of evasion (right claw)
 K - a ring of see invisible (left claw)
Wands
 q - a wand of flame (63)
 r - a wand of quicksilver (12)
 z - a wand of paralysis (3)
 A - a wand of digging (3)
 M - a wand of polymorph (2)
 W - a wand of roots (14)
 Z - a wand of mindburst (6)
Scrolls
 g - a scroll of torment
 x - 2 scrolls of fog
 D - 2 scrolls of immolation
 E - 2 scrolls of poison
 F - 9 scrolls of teleportation
 P - a scroll of enchant weapon
 X - 3 scrolls of identify
Potions
 b - a potion of invisibility
 f - a potion of magic
 h - 2 potions of attraction
 k - a potion of cancellation
 m - 4 potions of enlightenment
 p - 3 potions of lignification
 u - 4 potions of curing
 w - 3 potions of mutation
 B - 2 potions of haste
 C - 4 potions of degeneration
 J - 2 potions of brilliance
 N - 3 potions of might
 U - a potion of heal wounds
Miscellaneous
 j - a phial of floods


   Skills:
 - Level 9.9 Fighting
 - Level 11.4 Short Blades
 - Level 1.7 Throwing
 - Level 8.0 Dodging
 - Level 12.0 Stealth
 + Level 8.4 Unarmed Combat
 - Level 9.9 Invocations
 - Level 6.0 Evocations


You had 10 spell levels left.
You knew the following spells:

 Your Spells              Type           Power      Damage    Failure   Level
a - Passwall              Erth           0%         N/A       83%         3

Your spell library contained the following spells:

 Spells                   Type           Power      Damage    Failure   Level
 Freeze                   Ice            0%         1d3       45%         1
 Kiss of Death            Conj/Necr      0%         2d5       45%         1
 Sandblast                Erth           0%         2d4       45%         1
 Slow                     Hex            0%         N/A       45%         1
 Lesser Beckoning         Tloc           0%         N/A       58%         2
 Confusing Touch          Hex            0%         N/A       83%         3
 Frozen Ramparts          Ice            0%         1d1       83%         3
 Gell's Gravitas          Tloc           0%         N/A       83%         3
 Hailstorm                Conj/Ice       0%         3d5       83%         3
 Sigil of Binding         Hex            0%         N/A       83%         3
 Stone Arrow              Conj/Erth      0%         3d7       83%         3
 Teleport Other           Tloc           0%         N/A       83%         3
 Vampiric Draining        Necr           0%         2d6       83%         3
 Volatile Blastmotes      Fire/Tloc      0%         2d10      83%         3
 Brom's Barrelling Bould  Conj/Erth      0%         2d3       99%         4
 Dimensional Bullseye     Hex/Tloc       0%         N/A       99%         4
 Dispel Undead            Necr           0%         3d6       99%         4
 Fulminant Prism          Conj/Alch      0%         3d5       99%         4
 Iskenderun's Mystic Bla  Conj/Tloc      0%         2d3       99%         4
 Passage of Golubria      Tloc           0%         N/A       99%         4
 Vhi's Electric Charge    Tloc/Air       0%         N/A       99%         4
 Dispersal                Tloc           0%         N/A       100%        6
 Tukima's Dance           Hex            Unusable   N/A       N/A         3
 Summon Forest            Summ/Tloc      Unusable   N/A       N/A         5

Dungeon Overview and Level Annotations

Branches:
Dungeon (15/15)            Temple (1/1) D:7            Lair (2/5) D:9
  Swamp (0/4) Lair:2          Orc (0/2) D:11         Vaults (0/5) D:13
 Depths (0/4) D:15         Bailey (visited)           IceCv (visited)
Gauntlet (visited)
  Snake: Lair:2-3    Spider: Lair:2-3

Altars:
Ashenzari
Cheibriados
Dithmenos
Fedhas
Gozag
Hepliaklqana
Kikubaaqudgha
Makhleb
Nemelex Xobeh
Okawaru
Qazlal
Ru
Sif Muna
Trog
Uskayaw
Vehumet
Wu Jian
Xom
Yredelemnul


Innate Abilities, Weirdness & Mutations

You have claws for hands.
You are completely covered in slimy green scales. (AC +4, rPois)
You may rarely emit foul miasma when damaged in melee.
A meltable shield of frost defends you. (SH +4)
Your flesh is cold resistant. (rC+)
You are somewhat resistant to further mutation.


Message History

Unknown command.
Unknown command.
Unknown command.
The basilisk bites you but does no damage.
The cane toad closely misses you. The komodo dragon barely misses you.
You enter the shallow water.
Moving in this stuff is going to be slow.
Found 2 potions of curing.
The basilisk gazes at you.
You are slowing down.
The cane toad stings you but does no damage.
Unknown command.
Unknown command.
A bullfrog comes into view.
The cane toad misses you. You block the cane toad's attack.
You have turned to stone.
The komodo dragon barely misses you. The cane toad barely misses you.
The basilisk gazes at you.
You easily resist.
The komodo dragon barely misses you. The cane toad stings you.
The basilisk bites you but does no damage.
The cane toad stings you.
The komodo dragon bites you but does no damage.
The basilisk bites you. The cane toad barely misses you.
The komodo dragon bites you!
* * * LOW HITPOINT WARNING * * *
The cane toad stings you!
* * * LOW HITPOINT WARNING * * *
The basilisk gazes at you.
You easily resist.
The komodo dragon bites you!!
* * * LOW HITPOINT WARNING * * *
The cane toad stings you!
* * * LOW HITPOINT WARNING * * *
You emit a cloud of foul miasma!
The basilisk bites you!
* * * LOW HITPOINT WARNING * * *
You emit a cloud of foul miasma!
The bullfrog croaks.
The komodo dragon bites you!!
You die...

#.##.P∩...###.
.............. .........
######÷#P##... #........
#.### # #........ ##.##
#!...[... #####...##
..>.....#
..##.#...#######...^....
...............ll.......
####..#.#......#@...##.
##..#####...F........
#..## #F..~~~♣♣.♣♣♣.
#P.# #P.~♣♣~~♣ .♣ ##.#
##...♣♣~~) ♣ #.# #..♣♣
~~~. ...♣ ~~~♣♣ ....♣
♣.~~ ... ♣♣~.


You could see a komodo dragon, a cane toad, a basilisk and a bullfrog.

Vanquished Creatures
  Roxanne (D:14)
  Louise (D:14)
  A stone giant (D:15)
  A minotaur (Gauntlet)
  A hydra (D:15)
  An ogre mage (D:15)
  8 two-headed ogres
  2 centaur warriors (D:14)
  3 boulder beetles
  4 tengu warriors (D:15)
  3 death yaks
  Sonja (D:13)
  A goliath frog (Lair:2)
  3 skeletal warriors (D:13)
  A mana viper (shapeshifter) (D:15)
  A deep elf archer (D:13)
  A deep elf zephyrmancer (D:13)
  An orc knight (D:13)
  3 deep elf pyromancers
  A cyclops (D:9)
  9 ugly things
  Maurice (D:10)
  An oklob plant (Gauntlet)
  An ice statue (D:13)
  3 cane toads
  A gargoyle (D:11)
  Jeremiah (D:7)
  A torpor snail (Gauntlet)
  3 rime drakes
  A komodo dragon (Lair:1)
  4 yaktaurs (D:13)
  2 trolls
  A tyrant leech (Gauntlet)
  A hornet (D:13)
  14 slime creatures
  A shadow (D:13)
  2 vampires
  A wyvern (D:9)
  2 wraiths (D:11)
  2 basilisks
  17 yaks
  2 swamp worms (Gauntlet)
  An acid dragon (Gauntlet)
  8 water moccasins
  6 orc warriors
  2 black bears
  2 ice beasts
  2 sky beasts (D:8)
  3 ogres
  A boggart (D:13)
  A crocodile (shapeshifter) (D:13)
  9 wolves
  6 centaurs
  5 kobold brigands
  8 bullfrogs
  9 gnoll sergeants
  2 scorpions
  3 wights (D:8)
  17 killer bees
  2 howler monkeys
  A bombardier beetle (D:5)
  4 hounds
  2 komodo dragon simulacra (IceCv)
  10 orc priests
  6 gnoll boudas
  2 iguanas
  A sleepcap (D:6)
  Ijyb (D:3)
  Terence (D:2)
  11 orc wizards
  2 hell rats (D:9)
  An acid dragon simulacrum (IceCv)
  7 adders
  19 gnolls
  2 river rats (D:9)
  2 shadow imps
  3 white imps
  3 steam dragon simulacra (IceCv)
  4 dart slugs
  2 ribbon worms
  42 orcs
  6 ball pythons
  7 endoplasms
  A giant cockroach (D:3)
  8 goblins
  5 hobgoblins
  5 jackals
  17 kobolds
  7 quokkas
  4 bats
  17 frilled lizards
  2 rats
402 creatures vanquished.

Notes
Turn   | Place    | Note
-------+----------+-------------------------------------------
     0 | D:1      | Newt the Demonspawn Gladiator began the quest for the Orb.
     0 | D:1      | Reached XP level 1. HP: 16/16 MP: 1/1
   140 | D:1      | Gained mutation: A meltable shield of frost defends you.
                  | (SH +4) [demonic ancestry]
   140 | D:1      | Reached XP level 2. HP: 22/23 MP: 2/2
  1028 | D:2      | Gained mutation: You are partially covered in slimy green
                  | scales. (AC +2) [demonic ancestry]
  1028 | D:2      | Reached XP level 3. HP: 29/29 MP: 3/3
  1347 | D:2      | Noticed Terence
  1361 | D:2      | Killed Terence
  1362 | D:2      | Reached XP level 4. HP: 29/37 MP: 4/4
  1764 | D:3      | Noticed Ijyb
  1777 | D:3      | Killed Ijyb
  2239 | D:3      | Gained mutation: You have sharp fingernails. [demonic
                  | ancestry]
  2239 | D:3      | Reached XP level 5. HP: 42/42 MP: 5/5
  2469 | D:4      | Noticed a black bear
  2483 | D:4      | Killed a black bear
  2485 | D:4      | Identified the +8 dagger of Clean Courage {freeze, rPois
                  | rF- rN++ Stlth+}
  2638 | D:4      | Gained mutation: You are mostly covered in slimy green
                  | scales. (AC +3) [demonic ancestry]
  2638 | D:4      | Reached XP level 6. HP: 43/49 MP: 6/6
  3121 | D:5      | Entered Level 5 of the Dungeon
  3158 | D:5      | Reached skill level 5 in Fighting
  3558 | D:5      | Reached XP level 7. HP: 58/58 MP: 7/7
  3648 | D:5      | Reached skill level 1 in Stealth
  3725 | D:5      | Reached skill level 2 in Stealth
  3879 | D:5      | Reached skill level 3 in Stealth
  4187 | D:6      | Found a blossoming altar of Fedhas.
  4262 | D:6      | Reached skill level 4 in Stealth
  4306 | D:6      | Found a radiant altar of Vehumet.
  4657 | D:6      | Found a shimmering blue altar of Sif Muna.
  4833 | D:6      | Reached skill level 5 in Stealth
  4964 | D:6      | Found an ornate altar of the Wu Jian Council.
  5116 | D:7      | Reached XP level 8. HP: 64/64 MP: 8/8
  5148 | D:7      | Reached skill level 6 in Stealth
  5160 | D:7      | Noticed Jeremiah
  5165 | D:7      | Killed Jeremiah
  5166 | D:7      | Reached skill level 5 in Short Blades
  5602 | D:7      | Gained mutation: You may rarely emit foul miasma when
                  | damaged in melee. [demonic ancestry]
  5602 | D:7      | Reached XP level 9. HP: 31/69 MP: 9/9
  5928 | D:7      | Found a staircase to the Ecumenical Temple.
  6087 | Temple   | Entered the Ecumenical Temple
  6122 | Temple   | Became a worshipper of Warmaster Okawaru
  6395 | D:8      | Found a hazy altar of Hepliaklqana.
  6718 | D:8      | Reached * piety under Okawaru
  7109 | D:8      | Gained mutation: Your flesh is cold resistant. (rC+)
                  | [potion of mutation]
  7109 | D:8      | Gained mutation: You are somewhat resistant to further
                  | mutation. [potion of mutation]
  7463 | D:9      | Reached skill level 5 in Dodging
  7503 | D:9      | Noticed a death yak
  7505 | D:9      | Noticed a death yak
  7547 | D:8      | Killed a death yak
  7909 | D:9      | Found a staircase to the Lair.
  7977 | D:9      | Noticed a death yak
  8378 | D:8      | Killed a death yak
  8378 | D:8      | Reached ** piety under Okawaru
  8379 | D:8      | Gained mutation: You are completely covered in slimy green
                  | scales. (AC +4, rPois) [demonic ancestry]
  8379 | D:8      | Reached XP level 10. HP: 34/76 MP: 10/10
  8731 | D:9      | Killed a death yak
  9549 | D:9      | Noticed a cyclops
  9567 | D:9      | Killed a cyclops
  9567 | D:9      | Reached *** piety under Okawaru
  9814 | D:10     | Entered Level 10 of the Dungeon
  9827 | D:10     | Noticed Maurice
  9843 | D:10     | Killed Maurice
  9844 | D:10     | Reached skill level 5 in Evocations
  9892 | D:10     | Noticed a two-headed ogre
  9903 | D:10     | Killed a two-headed ogre
 10169 | D:10     | Found a flagged portal.
 10188 | Bailey   | Entered a bailey
 10276 | Bailey   | Reached **** piety under Okawaru
 10277 | Bailey   | Reached skill level 5 in Invocations
 10813 | Bailey   | Gained mutation: You have very sharp fingernails. [demonic
                  | ancestry]
 10813 | Bailey   | Reached XP level 11. HP: 58/81 MP: 16/16
 10846 | Bailey   | Identified the +5 war axe of Cueruxab {freeze, rF+ Will+}
 11504 | D:10     | Noticed a deep elf pyromancer
 11515 | D:10     | Killed a deep elf pyromancer
 11992 | D:11     | Found a frozen archway.
 12014 | D:11     | Reached ***** piety under Okawaru
 12109 | IceCv    | Entered an ice cave
 14007 | D:11     | Noticed a two-headed ogre
 14012 | D:11     | Killed a two-headed ogre
 14028 | D:11     | Noticed a boulder beetle
 14055 | D:11     | Reached skill level 10 in Short Blades
 14094 | D:11     | Killed a boulder beetle
 14279 | D:11     | Received a gift from Okawaru
 14533 | D:11     | Noticed a two-headed ogre
 14546 | D:11     | Killed a two-headed ogre
 14617 | D:11     | Found a staircase to the Orcish Mines.
 14846 | D:12     | Noticed a two-headed ogre
 14847 | D:12     | Killed a two-headed ogre
 14913 | D:12     | Noticed a deep elf pyromancer
 14933 | D:12     | Killed a deep elf pyromancer
 15256 | D:12     | Noticed a boulder beetle
 15285 | D:12     | Killed a boulder beetle
 15286 | D:12     | Reached XP level 12. HP: 65/91 MP: 19/19
 16056 | D:13     | Reached ****** piety under Okawaru
 16091 | D:13     | Acquired the +9 dagger of Puhe {heavy, rElec rPois rN+
                  | Stlth+}
 16091 | D:13     | Received a gift from Okawaru
 16094 | D:13     | Acquired the scarf "Hutrauczan" {repulsion, rF- Dex+7}
 16094 | D:13     | Received a gift from Okawaru
 16189 | D:13     | Received a gift from Okawaru
 16612 | D:13     | Noticed Sonja
 16620 | D:13     | Killed Sonja
 16646 | D:13     | Reached skill level 7 in Stealth
 16946 | D:13     | Identified the +6 flail "Astreagih" {vamp, rC+ Will+ Int+7
                  | Dex+2}
 17347 | D:13     | Reached skill level 8 in Stealth
 17620 | D:13     | Found a gate to the Vaults.
 17758 | D:13     | Found a gateway to a bazaar.
 17771 | D:13     | Received a gift from Okawaru
 17772 | D:13     | Reached skill level 9 in Stealth
 17775 | Bazaar   | Entered a bazaar
 17775 | Bazaar   | Found Erocotet's Jewellery Boutique.
 17775 | Bazaar   | Found Ushroaguh's Magic Scroll Shoppe.
 17805 | Bazaar   | Found Zaetreolus's Book Boutique.
 17813 | Bazaar   | Bought a scroll of identify for 20 gold pieces
 17813 | Bazaar   | Bought a scroll of identify for 20 gold pieces
 17813 | Bazaar   | Bought a scroll of identify for 20 gold pieces
 17813 | Bazaar   | Bought a scroll of identify for 20 gold pieces
 17813 | Bazaar   | Bought a scroll of identify for 20 gold pieces
 17813 | Bazaar   | Bought a scroll of identify for 20 gold pieces
 17839 | Bazaar   | Found Axzohic's Weapon Boutique.
 17867 | Bazaar   | Bought a manual of Dodging for 880 gold pieces
 17894 | D:13     | Noticed a two-headed ogre
 17907 | D:13     | Killed a two-headed ogre
 18120 | D:14     | Noticed a centaur warrior
 18125 | D:14     | Killed a centaur warrior
 18141 | D:14     | Noticed a centaur warrior
 18152 | D:14     | Killed a centaur warrior
 18153 | D:14     | Reached skill level 10 in Stealth
 18310 | D:14     | Gained mutation: You have claws for hands. [demonic
                  | ancestry]
 18310 | D:14     | Reached XP level 13. HP: 103/103 MP: 20/20
 18346 | D:14     | Noticed Roxanne
 18346 | D:14     | Noticed Louise
 18385 | D:14     | Killed Roxanne
 18385 | D:14     | Received a gift from Okawaru
 18391 | D:14     | Killed Louise
 18392 | D:14     | Reached skill level 11 in Stealth
 18641 | D:15     | Entered Level 15 of the Dungeon
 18829 | D:14     | Received a gift from Okawaru
 18830 | D:14     | Reached skill level 12 in Stealth
 19028 | D:14     | Reached skill level 1 in Unarmed Combat
 19292 | D:15     | Paralysed by an ogre mage for 2 turns
 19434 | D:15     | Found a staircase to the Depths.
 19434 | D:15     | Noticed a stone giant
 19439 | D:15     | Killed a stone giant
 19540 | D:15     | Received a gift from Okawaru
 19568 | D:15     | Reached skill level 5 in Unarmed Combat
 20163 | D:9      | Learned a level 3 spell: Passwall
 20900 | Lair:1   | Entered Level 1 of the Lair of Beasts
 21664 | Lair:1   | Received a gift from Okawaru
 22013 | Lair:2   | Found a staircase to the Swamp.
 22041 | Lair:2   | Found a gate leading to a gauntlet.
 22072 | Gauntlet | Entered a Gauntlet
 22072 | Gauntlet | Found a transporter.
 22237 | Gauntlet | Found a transporter.
 22239 | Gauntlet | Found a transporter.
 22240 | Gauntlet | Found a transporter.
 22248 | Gauntlet | Found a transporter.
 22251 | Gauntlet | Found a transporter.
 22252 | Gauntlet | Found a transporter.
 22264 | Gauntlet | Found a transporter.
 22265 | Gauntlet | Found a transporter.
 22265 | Gauntlet | Found a transporter.
 22277 | Gauntlet | Found a transporter.
 22278 | Gauntlet | Found a transporter.
 22281 | Gauntlet | Noticed a blizzard demon
 22282 | Gauntlet | Found a transporter.
 22286 | Gauntlet | Found a transporter.
 22776 | Gauntlet | Identified the +3 pair of boots of Rucis {rN+}
 22799 | Gauntlet | Noticed a minotaur
 22812 | Gauntlet | Killed a minotaur
 22827 | Gauntlet | Got the Directory of Sophism
 22830 | Gauntlet | Identified the +2 flail of Grandeur {flame, rPois rF+ rN+}
 22832 | Gauntlet | Identified the +0 barding of the Game of Life {rF+ Str+3
                  | Dex-5}
 22855 | Lair:2   | Received a gift from Okawaru
 22934 | Lair:2   | Reached XP level 14. HP: 109/109 MP: 21/21
 22963 | Lair:2   | HP: 2/109 [basilisk (5)]
 22964 | Lair:2   | Mangled by a komodo dragon

Illustrated notes

Levels and vault maps discovered:
D:1:      spicycebolla_green_bress_n_ham_2, layout_basic
D:2:      layout_basic, serial_corexii_hall, corexii_hall_statues_l,
          chequers_hall_statues_corner_a, minmay_lizard_king, uniq_terence
D:3:      layout_loops_ring, uniq_ijyb
D:4:      nicolae_cairo_tiling_large_dashed, layout_rooms
D:5:      layout_rooms, minmay_misc_feat_more_columns,
          minmay_misc_feat_diagonals, dreamdust_princess_corridor,
          minmay_misc_feat_nine_boxes
D:6:      layout_cave_pods, gammafunk_temple_overflow_statue,
          hellmonk_sif_muna_bookshelves, mainiacjoe_overflow_brackets,
          vehumet_crystals, kennysheep_generic_room_7
D:7:      layout_loops_ring, lemuel_temple_firewalk_a, uniq_jeremiah
D:8:      layout_rooms, amcnicky_altar_gilded, tso_oasis_becter,
          due_unseen_surprise
D:9:      layout_grid_maze, dpeg_lair_monsters
D:10:     layout_loops_ring, enter_bailey_5, uniq_maurice
D:11:     kennysheep_blocky_hall, layout_loops_corners, david_orc_4,
          portal_ice_cave_rime
D:12:     layout_loops_ring
D:13:     layout_loops_corners, hangedman_vaults_entry_quadrant_bands,
          serial_shops, statue_bzr, uniq_sonja
D:14:     layout_rooms, uniq_roxanne, uniq_louise
D:15:     grunt_enter_depths_snipers, layout_loops_ring,
          hangedman_decor_opposing
Temple:   nicolae_temple_superstar
Lair:1:   layout_small_grid, beast_lair_carwin_6, infiniplex_staircase_pool_2
Lair:2:   regret_index_malice_mire, layout_small_grid,
          mainiacjoe_swamp_entry_lozenge_pond, spider_nest_entry_a, basic_altar,
          gauntlet_entry_generic, guppyfry_lair_drakes

Skill      XL: |  1  2  3  4  5  6  7  8  9 10 11 12 13 |
---------------+----------------------------------------+-----
Fighting       | 3 4 6 7 9 |  9.9
Short Blades   | 3 4 7 9 11 | 11.4
Dodging        | 4 7 8 |  8.0
Stealth        | 5 6 10 12 | 12.0
Evocations     | 6 |  6.0
Invocations    | 7 9 |  9.9
Unarmed Combat | 8 |  8.4
Throwing       | |  1.7

Action                     |  1- 3 |  4- 6 |  7- 9 | 10-12 | 13-15 || total
---------------------------+-------+-------+-------+-------+-------++-------
  Melee: Rapier            |    35 |       |       |       |       ||    35
         Dagger            |    70 |   173 |   316 |   995 |   379 ||  1933
         Punch             |       |     2 |     6 |    23 |    20 ||    51
         Whip              |       |    12 |       |       |       ||    12
  Throw: Throwing net      |       |       |     1 |     5 |     7 ||    13
         Dart              |       |       |       |    43 |       ||    43
         Boomerang         |       |       |       |    15 |       ||    15
         Javelin           |       |       |       |     2 |       ||     2
   Cast: Passwall          |       |       |       |       |     2 ||     2
 Invoke: Heroism           |       |       |       |     7 |     3 ||    10
         Finesse           |       |       |       |     2 |     3 ||     5
         Receive Weapon    |       |       |       |     1 |       ||     1
         Receive Armour    |       |       |       |     1 |       ||     1
  Evoke: Wand              |       |       |       |    12 |       ||    12
    Use: Scroll            |       |     5 |     9 |     9 |     3 ||    26
         Potion            |       |       |     3 |     2 |     2 ||     7
   Stab: Sleeping          |     2 |     2 |    10 |    25 |     7 ||    46
         Distracted        |       |       |     1 |     1 |       ||     2
         Paralysed         |       |       |       |     5 |       ||     5
         Held in net/web   |       |       |       |     4 |     3 ||     7
         Invisible         |       |       |       |       |     8 ||     8
 Armour: Leather armour    |    39 |    93 |   135 |   142 |       ||   409
         Troll leather arm |       |       |       |    90 |   180 ||   270
  Dodge: Dodged            |    52 |    88 |   112 |   552 |   314 ||  1118
         Repelled          |       |       |       |     1 |     1 ||     2
  Block: Other             |     6 |    26 |    23 |    93 |    53 ||   201

Table legend: (Time is in decaauts)
 A = Elapsed time spent in this place.
 B = Non-inter-level travel time spent in this place.
 C = Inter-level travel time spent in this place.
 D = Time resting spent in this place.
 E = Time spent auto-exploring this place.
 F = Levels seen in this place.
 G = Mean time per level.
                   A        B        C        D        E       F      G
               +--------+--------+--------+--------+--------+-----+--------+
         Total |  22281 |  20915 |   1366 |   6173 |  11128 |  22 | 1012.8 |
       Dungeon |  19087 |  17807 |   1280 |   5410 |   9618 |  15 | 1272.5 |
        Temple |     46 |      1 |     45 |      0 |      0 |   1 |   46.0 |
          Lair |   1276 |   1237 |     39 |     50 |    902 |   2 |  638.0 |
        Bazaar |    104 |    104 |      0 |      0 |     68 |   1 |  104.0 |
        Bailey |    941 |    941 |      0 |    251 |    423 |   1 |  941.0 |
      Ice Cave |     65 |     65 |      0 |      2 |      0 |   1 |   65.0 |
      Gauntlet |    759 |    759 |      0 |    458 |    116 |   1 |  759.0 |
               +--------+--------+--------+--------+--------+-----+--------+

Top non-repeatable levels by time:
    D:11: 3122 daAuts
     D:8: 2282 daAuts
    D:13: 2143 daAuts
     D:9: 1395 daAuts
     D:7: 1390 daAuts
     D:6: 1173 daAuts
    D:10: 1073 daAuts
  Lair:1: 996 daAuts
    D:15: 982 daAuts
  Bailey: 941 daAuts
     D:2: 937 daAuts
     D:5: 877 daAuts
     D:3: 873 daAuts
Gauntlet: 759 daAuts
    D:14: 748 daAuts
